Map: Orbital Shipyard

Players

ActivE

  • Race: Zerg Zerg
  • League: Master

Miszu - Winner!

  • Race: Terran Terran
  • League: Master

VOD

Have the link to the VOD?

Description

Time

  • Played on: March 10, 2016, 6:23 p.m.
  • Length: 6:06
Show
View Real Time Build Order
Export as new Build Order

ActivE Zerg 

Build Orders: Hatch First 

Get SALT Encoding   

  12  0:00  Drone  
  13  0:12  Overlord  
  13  0:17  Drone  
  14  0:30  Drone  
  14  0:31  Drone  
  14  0:35  Drone  
  17  0:52  Hatchery  
  17  0:56  Extractor  
  15  1:08  Spawning Pool  
  15  1:09  Drone  
  15  1:13  Drone  
  15  1:16  Drone  
  17  1:22  Drone  
  18  1:31  Overlord  
  18  1:55  Zergling x4  
  18  1:56  Queen  
  22  2:02  Metabolic Boost  
  22  2:04  Queen  
  24  2:09  Drone  
  24  2:12  Drone  
  26  2:16  Drone  
  26  2:18  Drone  
  28  2:27  Drone x2  
  29  2:37  Drone  
  29  2:38  Drone  
  31  2:46  Drone  
  31  2:47  Drone  
  33  2:51  Queen  
  35  3:01  Zergling x2  
  35  3:02  Overlord  
  35  3:11  Zergling x2  
  35  3:15  Overlord, Zergling x2  
  36  3:22  Zergling x6  
  36  3:23  Drone x3  
  40  3:31  Drone  
  41  3:35  Drone  
  41  3:38  Baneling Nest  
  41  3:42  Drone  
  41  3:44  Drone  
  41  3:58  Queen, Drone x2  
  41  3:59  Lair  
  45  4:05  Drone x2  
  45  4:06  Zergling x4  
  49  4:12  Zergling x2  
  49  4:15  Zergling x2  
  48  4:23  Roach Warren, Zergling x2  
  48  4:24  Zergling x2  
  42  4:32  Zergling x2  
  42  4:35  Baneling x2  
  42  4:36  Zergling x2  
  39  4:42  Zergling x2  
  39  4:44  Zergling x6  
  40  4:45  Zergling x2  
  40  4:48  Queen  
  40  4:52  Zergling x6  
  44  4:55  Zergling x2  
  45  5:00  Extractor  
  45  5:01  Extractor  
  45  5:04  Zergling x2  
  45  5:06  Roach  
  41  5:11  Roach  
  40  5:15  Queen  
  40  5:20  Roach  
  41  5:21  Roach  
  20  5:46  Zergling x2  
  20  5:47  Zergling x8  
Show
View Real Time Build Order
Export as new Build Order

Miszu Terran - Winner!

Build Orders:  

Get SALT Encoding   

  12  0:01  SCV  
  13  0:13  SCV  
  14  0:19  Supply Depot  
  14  0:25  SCV  
  15  0:40  SCV  
  15  0:42  Barracks  
  16  0:45  Refinery  
  16  0:52  SCV  
  17  0:59  Barracks  
  17  1:04  SCV  
  18  1:15  Barracks  
  19  1:28  Reaper  
  19  1:33  Refinery  
  19  1:38  Orbital Command  
  19  1:46  Reaper  
  20  1:52  Supply Depot  
  20  2:03  Reaper  
  20  2:04  SCV  
  22  2:11  Reaper  
  23  2:16  SCV  
  23  2:20  Reaper  
  23  2:21  Supply Depot  
  25  2:35  Reaper  
  26  2:43  Reaper, SCV  
  28  2:53  Reaper  
  28  2:55  SCV  
  29  3:07  Reaper  
  29  3:08  SCV  
  31  3:15  Reaper  
  31  3:17  Command Center  
  32  3:20  SCV  
  32  3:25  Reaper  
  33  3:32  SCV  
  33  3:39  Reaper  
  34  3:44  SCV  
  35  3:52  Command Center  
  34  3:56  SCV  
  34  3:59  Reaper  
  34  4:02  Reaper  
  37  4:08  SCV  
  38  4:20  SCV  
  38  4:32  SCV  
  38  4:33  Reaper  
  38  4:34  Reaper  
  38  4:36  SCV  
  38  4:37  Reaper  
  43  4:44  SCV  
  44  4:51  SCV  
  45  4:57  Factory  
  45  4:58  Barracks  
  45  4:59  Barracks  
  45  5:05  Reaper  
  46  5:19  Reaper  
  46  5:21  SCV  
  48  5:22  Reaper, SCV  
  50  5:35  SCV  
  51  5:47  SCV  
Tags
 
Add a new tag
Caveats
  • Supply blocks, unpowered buildings, or Contaminate may cause inaccurate times.
  • Supply counts are checked every 10 seconds.